 Dungeon Crawl Stone Soup version 0.23-a0-480-g1869896531 (webtiles) character file.

925 LostNumber the Caller (level 7, -6/52 HPs)
             Began as a Mummy Summoner on Nov 29, 2018.
             Was an Initiate of Gozag.
             Mangled by a centaur (9 damage)
             ... on level 7 of the Dungeon.
             The game lasted 00:09:59 (7478 turns).

LostNumber the Caller (Mummy Summoner)              Turns: 7478, Time: 00:10:00

Health: -6/52      AC:  3    Str: 11    XL:     7   Next: 84%
Magic:  6/14       EV: 12    Int: 17    God:    Gozag
Gold:   209        SH:  0    Dex: 12    Spells: 2/16 levels left

rFire    x . .     SeeInvis .   f - +0 spear
rCold    + . .     Gourm    .   (no shield)
rNeg     + + +     Faith    .   k - +1 robe {MR+}
rPois    ∞         Spirit   .   (no helmet)
rElec    .         Reflect  .   (no cloak)
rCorr    .         Harm     .   (no gloves)
MR       +....                  (no boots)
Stlth    ++........             (no amulet)
HPRegen  0.17/turn              (no ring)
MPRegen  0.14/turn              (no ring)

@: very slightly contaminated
A: no food or potions, fire vulnerability, cold resistance 1, negative energy
resistance 3, torment resistance, unbreathing
a: Potion Petition, Call Merchant, Bribe Branch, Renounce Religion


You were on level 7 of the Dungeon.
You worshipped Gozag.
Gozag was aware of your devotion.
You were not hungry.

You visited 2 branches of the dungeon, and saw 8 of its levels.

You collected 363 gold pieces.
You spent 39 gold pieces at shops.
You paid 115 gold pieces to Gozag.

Inventory:

Hand Weapons
 b - a +0 short sword
 f - a +0 spear (weapon)
Armour
 a - a +0 robe
 i - a +1 leather armour of magic resistance
 k - a +1 robe of magic resistance (worn)
Jewellery
 j - a cursed amulet of inaccuracy {unknown}
Wands
 m - a wand of iceblast (7)
Scrolls
 c - 3 scrolls of identify {unknown}
 d - 6 scrolls of remove curse {unknown}
 e - 2 scrolls of teleportation
 g - a scroll of noise {unknown}
 h - 2 scrolls of enchant weapon {unknown}
 l - a scroll of enchant armour {unknown}
 n - a scroll of amnesia {unknown}


   Skills:
 + Level 3.3 Fighting
 - Level 0.2 Short Blades
 - Level 1.7 Dodging
 - Level 2.0 Stealth
 + Level 5.2 Spellcasting
 * Level 5.4 Summonings
 * Level 3.4 Ice Magic
 * Level 1.1 Air Magic


You had 2 spell levels left.
You knew the following spells:

 Your Spells              Type           Power        Failure   Level  Hunger
a - Summon Small Mammal   Summ           ###.         1%          1    N/A
b - Call Imp              Summ           ###.....     2%          2    N/A
c - Call Canine Familiar  Summ           ###.....     4%          3    N/A
d - Summon Ice Beast      Ice/Summ       ###.....     22%         4    N/A
e - Summon Lightning Spi  Summ/Air       ###.....     34%         4    N/A

Your spell library contained the following spells:

 Spells                   Type           Power        Failure   Level  Hunger
 Ensorcelled Hibernation  Hex/Ice        ##....       11%         2    N/A
 Corona                   Hex            #......      14%         1    N/A
 Magic Dart               Conj           #...         14%         1    N/A
 Blink                    Tloc           N/A          22%         2    N/A
 Slow                     Hex            #.......     22%         2    N/A
 Summon Guardian Golem    Hex/Summ       ##......     14%         3    N/A
 Mephitic Cloud           Conj/Pois/Air  #.......     34%         3    N/A
 Confuse                  Hex            #.......     38%         3    N/A
 Conjure Flame            Conj/Fire      #.......     38%         3    N/A
 Dazzling Spray           Conj/Hex       #.....       38%         3    N/A
 Tukima's Dance           Hex            #.......     38%         3    N/A

Dungeon Overview and Level Annotations

Branches:
Dungeon (7/15)             Temple (1/1) D:6

Altars:
Cheibriados
Gozag
Hepliaklqana
Kikubaaqudgha
Nemelex Xobeh
Qazlal
Sif Muna
Trog
Vehumet
Xom
Yredelemnul
The Shining One
Lugonu

Shops:
D:6 *(

Annotations:
D:2 Sigmund
D:3 2 transporters
D:5 1 runed door


Innate Abilities, Weirdness & Mutations

You do not eat or drink.
Your flesh is vulnerable to fire.
You are immune to poison.
Your flesh is cold resistant. (rC+)
You are immune to negative energy. (rN+++)
You are immune to unholy pain and torment.
You can survive without breathing.


Message History

The centaur is severely wounded.
Your hound bites the centaur.
The centaur completely misses you.
Your hound closely misses the centaur.
The centaur barely misses you.
You hit the centaur.
The centaur is severely wounded.
Your hound bites the centaur.
The centaur hits you.
* * * LOW HITPOINT WARNING * * *
Unknown command.
You hit the centaur.
The centaur is almost dead.
Your hound bites the centaur but does no damage.
The centaur hits your hound!
Your hound barely misses the centaur.
The centaur closely misses your hound.
You hit the centaur but do no damage.
The centaur is almost dead.
Your hound bites the centaur but does no damage.
The centaur closely misses you.
Your hound barely misses the centaur.
The centaur hits you!
You die...
Your body crumbles into a pile of gold.

#..........# #...#
.#........)# #...#
.##.......######...#####
.###.....###......!....##
$
..........(.......(.......
.###.###.)##...(.%.....#..
.# #.###..######...#####
.# #[.....# #.(.....### ##
#.....## #(#@......#
##.#### #(#ch.#.#.# #.#
#.#.....# # #.# #.......#
# #.# ##.(.....#.#
..#######....$.....#
##........./.(....##
.#####....>.....#
...............c.


You could see a centaur and a friendly hound.

Vanquished Creatures
  A phantom (D:7)
  A centaur (D:7)
  A scorpion (D:6)
  A bullfrog zombie (D:5)
  A hound (D:4)
  3 worker ants (D:5)
  An orc wizard (D:4)
  2 adders
  An ooze (D:1)
  3 leopard geckos
  An orc (D:3)
  2 ball pythons
  3 giant cockroaches
  4 hobgoblins
  3 jackals (D:3)
  8 kobolds
  2 quokkas
  3 bats (D:1)
  4 frilled lizards
  A jackal skeleton (D:6)
  3 rats
49 creatures vanquished.

Vanquished Creatures (collateral kills)
  Duvessa (D:6)
  A necrophage (D:7)
  A phantom (D:6)
  A centaur (D:6)
  A big kobold (D:5)
  A scorpion (D:4)
  Dowan (D:6)
  A crimson imp (D:7)
  2 centaur skeletons (D:4)
  A hound (D:4)
  An orc priest (D:5)
  3 orc wizards
  3 worker ants
  3 adders
  A worm (D:3)
  2 dart slugs
  7 orcs
  2 jackals (D:3)
  6 kobolds
  A quokka (D:5)
  A bat (D:1)
  A frilled lizard (D:2)
  3 goblins
  A rat (D:1)
46 creatures vanquished.

Vanquished Creatures (others)
  An orc wizard (D:5)
1 creature vanquished.

Grand Total: 96 creatures vanquished

Notes
Turn   | Place    | Note
-------+----------+-------------------------------------------
     0 | D:1      | LostNumber the Mummy Summoner began the quest for the Orb.
     0 | D:1      | Reached XP level 1. HP: 13/13 MP: 4/4
   753 | D:1      | Reached XP level 2. HP: 15/20 MP: 1/5
   869 | D:1      | Learned a level 2 spell: Call Imp
  1369 | D:2      | Found a sparkling altar of Nemelex Xobeh.
  1379 | D:2      | Found a deep blue altar of Sif Muna.
  1388 | D:2      | Found a snail-covered altar of Cheibriados.
  1443 | D:2      | Noticed Sigmund
  1457 | D:2      | Reached XP level 3. HP: 18/25 MP: 1/7
  1542 | D:1      | Learned a level 3 spell: Call Canine Familiar
  2367 | D:3      | Reached skill level 1 in Fighting
  2795 | D:3      | Found a transporter.
  2796 | D:3      | Noticed a black bear
  2797 | D:3      | Found a transporter.
  2797 | D:3      | Noticed a centaur
  2870 | D:3      | Found a shimmering altar of Xom.
  3018 | D:4      | Reached XP level 4. HP: 32/32 MP: 1/9
  3024 | D:4      | Learned a level 4 spell: Summon Ice Beast
  3217 | D:4      | Reached skill level 1 in Ice Magic
  3217 | D:4      | Reached XP level 5. HP: 38/38 MP: 6/10
  4097 | D:4      | Reached XP level 6. HP: 27/44 MP: 5/12
  4345 | D:5      | Entered Level 5 of the Dungeon
  4784 | D:5      | Found a glowing golden altar of the Shining One.
  4790 | D:5      | Found a runed door.
  4790 | D:5      | Noticed an angel
  4960 | D:5      | Found a bloodstained altar of Trog.
  4966 | D:5      | Learned a level 4 spell: Summon Lightning Spire
  5729 | D:6      | Found Avoefix's Weapon Shoppe.
  5767 | D:6      | Found a radiant altar of Vehumet.
  5822 | D:6      | Reached XP level 7. HP: 43/51 MP: 4/14
  5840 | D:6      | Noticed Dowan
  5849 | D:6      | Killed Dowan
  5850 | D:6      | Noticed Duvessa
  5881 | D:6      | Killed Duvessa
  5881 | D:6      | Reached skill level 5 in Summonings
  6098 | D:6      | Found Bocruod's General Store.
  6109 | D:6      | Bought a scroll of teleportation for 39 gold pieces
  6137 | D:6      | Found a staircase to the Ecumenical Temple.
  6143 | Temple   | Entered the Ecumenical Temple
  6158 | Temple   | Became a worshipper of Gozag Ym Sagoz the Greedy
  6423 | D:6      | Reached skill level 5 in Spellcasting
  7443 | D:7      | Reached skill level 1 in Air Magic
  7476 | D:7      | HP: 2/52 [centaur (5)]
  7478 | D:7      | Mangled by a centaur

Vault maps used:
D:1:      psy_arrival_fountain, chequers_garden, serial_bayou_lake_a
D:2:      nemelex_xobeh_ov_fountains_minmay, overflow_temple_1_default,
          kennysheep_slug_shrine, first_ration, grunt_decor_arrowhead,
          uniq_sigmund
D:3:      gammafunk_temple_overflow_arena
D:5:      lemuel_doored_altar, lemuel_angel_altar
D:6:      nicolae_overflow_hidden_temple, minmay_temple_entry_mini_moons,
          serial_shops, shop_coins, nicolae_shop_stone, uniq_duvessa
D:7:      zin_angel, gammafunk_temple_overflow_statue
Temple:   corrupted_temple

Skill      XL: |  1  2  3  4  5  6  7 |
---------------+----------------------+-----
Spellcasting   | 3 4 5 |  5.2
Stealth        | 2 |  2.0
Fighting       | 1 2 3 |  3.3
Summonings     | 4 5 |  5.4
Ice Magic      | 1 2 3 |  3.4
Air Magic      | 1 |  1.1
Short Blades   | |  0.2
Dodging        | |  1.7

Action                   |  1- 3 |  4- 6 |  7- 9 || total
-------------------------+-------+-------+-------++-------
Melee: Short sword       |    60 |       |       ||    60
       Unarmed           |     7 |       |       ||     7
       Spear             |    61 |   136 |    91 ||   288
 Cast: Summon Small Mamm |    13 |       |       ||    13
       Call Imp          |    13 |    15 |     2 ||    30
       Call Canine Famil |     9 |    17 |    11 ||    37
       Summon Ice Beast  |       |       |     3 ||     3
Invok: Potion Petition   |       |       |     1 ||     1
 Stab: Sleeping          |     6 |     3 |       ||     9
       Distracted        |     3 |     4 |     2 ||     9
Armor: Robe              |    22 |     3 |     5 ||    30
       Leather armour    |       |    20 |       ||    20
Dodge: Dodged            |    82 |    62 |    34 ||   178

Table legend:
 A = Non-vault XP
 B = Vault XP
 C = Vault XP percentage of total XP
 D = Non-vault monster count
 E = Vault monster count
 F = Vault count percentage of total count
                 A         B        C        D         E       F
            +---------+---------+-------+---------+---------+-------
      Total |    1192 |     130 |   9.8 |      93 |       3 |   3.1
            +---------+---------+-------+---------+---------+-------
        D:1 |      28 |       0 |   0.0 |      18 |       0 |   0.0
        D:2 |      14 |       2 |  12.5 |       6 |       1 |  14.3
        D:3 |      49 |       0 |   0.0 |      21 |       0 |   0.0
        D:4 |     312 |       0 |   0.0 |      16 |       0 |   0.0
        D:5 |     280 |       0 |   0.0 |      20 |       0 |   0.0
        D:6 |     213 |     128 |  37.5 |       6 |       2 |  25.0
        D:7 |     296 |       0 |   0.0 |       6 |       0 |   0.0
            +---------+---------+-------+---------+---------+-------
